 Dungeon Crawl Stone Soup version 0.26-a0-639-g72c4674 (webtiles) character file.

Game seed: 18441060554833349891

18 B1Gdaddy5 the Vexing (level 2, -2/19 HPs)
             Began as a Human Wanderer on Sept 20, 2020.
             Slain by Sigmund
             ... wielding a +0 scythe
              (8 damage)
             ... on level 2 of the Dungeon.
             The game lasted 00:08:28 (1655 turns).

B1Gdaddy5 the Vexing (Human Wanderer)               Turns: 1655, Time: 00:08:29

Health: -2/19      AC:  6    Str: 12    XL:     2   Next: 85%
Magic:  0/2        EV: 11    Int: 15    God:
Gold:   19         SH:  0    Dex:  9    Spells: 0/1 levels left

rFire    . . .     SeeInvis .   a - +0 quarterstaff
rCold    . . .     Faith    .   (shield currently unavailable)
rNeg     . . .     Spirit   .   k - +3 leather armour
rPois    .         Reflect  .   (no helmet)
rElec    .         Harm     .   (no cloak)
rCorr    .         Rampage  .   (no gloves)
MR       .....                  (no boots)
Stlth    +.........             (no amulet)
HPRegen  0.06/turn              (no ring)
MPRegen  0.08/turn              (no ring)

@: no status effects
A: no striking features
a: no special abilities


You were on level 2 of the Dungeon.
You visited 1 branch of the dungeon, and saw 2 of its levels.

You collected 19 gold pieces.

Inventory:

Hand Weapons
 a - a +0 quarterstaff (weapon)
Armour
 d - a +0 robe
 k - a +3 leather armour (worn)
Jewellery
 e - an uncursed ring of ice {unknown}
Scrolls
 b - a scroll of fog {unknown}
 f - 3 scrolls of identify {unknown}
 i - a scroll of magic mapping {unknown}
 l - a scroll of immolation {unknown}
 n - a scroll of remove curse {unknown}
Potions
 c - 2 potions of lignification
 g - a potion of heal wounds {unknown}
 h - a potion of berserk rage {unknown}
 j - a potion of haste {unknown}
 m - a potion of flight {unknown}


   Skills:
 + Level 0.1 Fighting
 + Level 2.8 Staves
 - Level 1.0 Throwing
 + Level 1.0 Dodging
 + Level 0.4 Stealth
 + Level 3.2 Hexes
   Level 2.0 Necromancy
   Level 1.0 Evocations


You couldn't memorise any spells.
You knew the following spells:

 Your Spells              Type           Power        Failure   Level
a - Corona                Hex            #......      10%         1

Your spell library contained the following spells:

 Spells                   Type           Power        Failure   Level
 Ensorcelled Hibernation  Hex/Ice        #.....       26%         2
 Confusing Touch          Hex            #.......     28%         3
 Tukima's Dance           Hex            #.......     28%         3
 Dazzling Flash           Conj/Hex       #.....       47%         3


Dungeon Overview and Level Annotations

Branches:
Dungeon (2/15)

Altars:

Annotations:
D:2 Sigmund


Message History

Sigmund is moderately wounded.
Sigmund casts a spell at you. The magic dart hits you!
Ouch! That really hurt!
You are too injured to fight recklessly!
You are too injured to fight recklessly!
You are too injured to fight recklessly!
You are too injured to fight recklessly!
You are too injured to fight recklessly!
You are too injured to fight recklessly!
You hit Sigmund.
Sigmund is heavily wounded.
Sigmund points at you and mumbles some strange words.
You resist with significant effort. Sigmund gestures at you while chanting.
The puff of flame hits you.
You barely miss Sigmund.
Sigmund is heavily wounded.
Sigmund hits you with a +0 scythe!
You die...

####### #.....#
#.###.######### #.#
#.........#
#.###.#######.# #.....#
#.# ##.###.# ##.## ...#
#.# ####...#######.
##.###.##.......@@...#>.
#.....##.###...####.##.
####### ##.## 8 #.# #.#
#.# #.


You could see Sigmund (corona).

Vanquished Creatures
  An ooze (D:2)
  A leopard gecko (D:2)
  3 hobgoblins
  2 bats
  A frilled lizard (D:2)
  2 kobolds
  3 rats (D:1)
13 creatures vanquished.

Notes
Turn   | Place    | Note
-------+----------+-------------------------------------------
     0 | D:1      | B1Gdaddy5 the Human Wanderer began the quest for the Orb.
     0 | D:1      | B1Gdaddy5 set off with the following items: a +0
                  | quarterstaff, a potion of lignification, a +0 robe; and the
                  | following spell memorised: Corona; and the following spells
                  | available to memorise: Ensorcelled Hibernation, Confusing
                  | Touch, Tukima's Dance, Dazzling Flash
     0 | D:1      | Reached XP level 1. HP: 13/13 MP: 1/1
  1395 | D:2      | Reached XP level 2. HP: 15/19 MP: 0/2
  1649 | D:2      | Noticed Sigmund
  1655 | D:2      | Slain by Sigmund

Illustrated notes

Levels and vault maps discovered:
D:1:      matt_arrival_spirals, layout_basic
D:2:      layout_loops_ring, nicolae_overflow_hidden_temple, uniq_terence,
          uniq_sigmund

Action                   || total
-------------------------++-------
Melee: Quarterstaff      ||    28
 Cast: Corona            ||    13
Armor: Leather armour    ||     3
Dodge: Dodged            ||    15

Table legend: (Time is in decaauts)
 A = Elapsed time spent in this place.
 B = Non-inter-level travel time spent in this place.
 C = Inter-level travel time spent in this place.
 D = Time resting spent in this place.
 E = Time spent auto-exploring this place.
 F = Levels seen in this place.
 G = Mean time per level.
                   A        B        C        D        E       F      G
               +--------+--------+--------+--------+--------+-----+--------+
         Total |   1659 |   1627 |     32 |    371 |   1143 |   2 |  829.5 |
       Dungeon |   1659 |   1627 |     32 |    371 |   1143 |   2 |  829.5 |
               +--------+--------+--------+--------+--------+-----+--------+

Top non-repeatable levels by time:
     D:1: 1389 daAuts
     D:2: 270 daAuts
